 Dungeon Crawl Stone Soup version 0.30-b1-2-g02819fbbbe (webtiles) character file.

Game seed: 4309285739852092058

2884 Metae the Fighter (level 9, -3/78 (81) HPs)
             Began as a Minotaur Fighter on June 23, 2023.
             Was a Follower of Uskayaw.
             Slain by a wight
             ... wielding a +4 halberd of freezing
              (8 damage)
             ... on level 8 of the Dungeon.
             The game lasted 00:25:13 (7092 turns).

Metae the Fighter (Minotaur Fighter)                Turns: 7092, Time: 00:25:14

HP:   -3/78 (81)    AC: 13    Str: 24    XL:     9   Next: 48%
MP:   8/12          EV: 13    Int:  5    God:    Uskayaw [*.....]
Gold: 356           SH:  6    Dex: 17    Spells: 8/8 levels left

rFire   . . .        t - +4 dagger of Insufficient Pleasure {vamp, rPois}
rCold   . . .        c - +0 buckler
rNeg    . . .        u - +0 chain mail
rPois   +            (helmet restricted)
rElec   .            D - +0 cloak
rCorr   .            s - +0 pair of gloves
SInv    .            (no boots)
Will    .....        (no amulet) Stlth
                     H - +5 ring of evasion
HPRegen 0.33/turn    Q - +6 ring of dexterity
MPRegen 0.13/turn

%: no passive effects
@: lightly drained
A: horns 2, retaliatory headbutt
a: Renounce Religion, Stomp


You were on level 8 of the Dungeon.
You worshipped Uskayaw.
Uskayaw was noncommittal.
You visited 1 branch of the dungeon, and saw 8 of its levels.
You also visited: Sewer.

You collected 356 gold pieces.

Inventory:

Hand Weapons
 a - a +0 flail
 h - a +0 sling
 t - the +4 dagger of Insufficient Pleasure (weapon) {vamp, rPois}
   (You found it on level 2 of the Dungeon)

   rPois:     It protects you from poison.
 v - a +2 whip of venom
 K - a +0 sling of freezing
Missiles
 g - 103 stones (quivered)
 j - 7 boomerangs
 m - 4 curare-tipped darts
 I - 30 poisoned darts
 R - 5 javelins
Armour
 b - a +0 scale mail
 c - a +0 buckler (worn)
 s - a +0 pair of gloves (worn)
 u - a +0 chain mail (worn)
 D - a +0 cloak (worn)
Jewellery
 n - a ring of fire
 H - a +5 ring of evasion (left hand)
 N - an amulet of guardian spirit
 Q - a +6 ring of dexterity (right hand)
 S - a ring of protection from fire
Wands
 y - a wand of charming (5)
 O - a wand of polymorph (13)
 P - a wand of iceblast (2)
Scrolls
 k - 4 scrolls of blinking
 l - 2 scrolls of fog
 o - a scroll of summoning {unknown}
 p - a scroll of torment {unknown}
 q - 4 scrolls of teleportation
 w - a scroll of fear
 A - 2 scrolls of immolation {unknown}
 E - a scroll of vulnerability {unknown}
 F - a scroll of amnesia {unknown}
 L - a scroll of silence {unknown}
 M - a scroll of poison {unknown}
 T - a scroll of enchant armour {unknown}
Potions
 d - 3 potions of might
 e - 6 potions of mutation {unknown}
 f - a potion of attraction {unknown}
 i - 4 potions of heal wounds
 r - 4 potions of ambrosia
 x - 6 potions of curing {unknown}
 z - 2 potions of degeneration {unknown}
 B - 2 potions of brilliance {unknown}
 C - 3 potions of lignification {unknown}
 G - 3 potions of haste {unknown}
 J - a potion of experience {unknown}


   Skills:
 + Level 8.1 Fighting
 + Level 5.9 Short Blades
 - Level 3.1 Maces & Flails
 + Level 8.0 Armour
 - Level 7.0 Shields
 + Level 5.4 Invocations
 + Level 2.7 Evocations


You had 8 spell levels left.
You didn't know any spells.
Your spell library contained the following spells:

 Spells                   Type           Power      Damage    Failure   Level
 Kiss of Death            Conj/Necr      0%         2d5       96%         1
 Cigotuvi's Dreadful Rot  Necr/Pois/Air  0%         N/A       99%         2
 Confusing Touch          Hex            0%         N/A       100%        3
 Dazzling Flash           Conj/Hex       0%         N/A       100%        3
 Inner Flame              Hex/Fire       0%         N/A       100%        3
 Vhi's Electric Charge    Tloc/Air       0%         N/A       100%        3
 Volatile Blastmotes      Fire/Tloc      0%         2d10      100%        3
 Dispel Undead            Necr           0%         3d6       100%        4
 Iskenderun's Mystic Bla  Conj/Tloc      0%         2d3       100%        4
 Arcjolt                  Conj/Air       0%         1d10      100%        5
 Fireball                 Conj/Fire      0%         3d3       100%        5
 Iskenderun's Battlesphe  Conj           0%         2d6       100%        5
 Yara's Violent Unravell  Hex/Tmut       0%         3d3       100%        5
 Conjure Ball Lightning   Conj/Air       0%         3x3d6     100%        6
 Death Channel            Necr           0%         N/A       100%        6
 Starburst                Conj/Fire      0%         6d3       100%        6
 Enfeeble                 Hex            0%         N/A       100%        7
 Orb of Destruction       Conj           0%         9d5       100%        7
 Maxwell's Capacitive Co  Air            0%         ∞         100%        8


Dungeon Overview and Level Annotations

Branches:
Dungeon (8/15)             Temple (0/1) D:6            Lair (0/5) D:8
  Sewer (visited)

Altars:
Ashenzari
Fedhas
Hepliaklqana
Uskayaw
Yredelemnul

Annotations:
D:3 2 transporters, Discosetron's ghost, amateur DjAE


Innate Abilities, Weirdness & Mutations

You have a pair of horns on your head.
You reflexively headbutt those who attack you in melee.


Message History

You closely miss the wight.
You headbutt the wight, but do no damage.
The wight is almost destroyed.
The wight hits you with a +3 great sword!
The wight closely misses you. You block the wight's attack.
You hit the wight.
You destroy the wight!
The wight barely misses you.
Your life force feels restored.
You barely miss the wight. You barely miss the wight.
The wight closely misses you.
The wight hits you with a +4 halberd of freezing.
You feel drained. The wight freezes you.
Unknown command.
You hit the wight.
You headbutt the wight, but do no damage.
The wight is lightly damaged.
The wight misses you.
You can now pass through a line of other dancers.
You block the wight's attack.
The wight hits you with a +4 halberd of freezing.
You feel drained.
* * * LOW HITPOINT WARNING * * *
The wight freezes you.
* * * LOW HITPOINT WARNING * * *
You block the wight's attack. The wight barely misses you.
You furiously retaliate!
You headbutt the wight.
Aiming: Line Pass
Press: ? - help, Dir - move target, p - wight The wight appears confused.
You can no longer pass through a line of other dancers.
The wight barely misses you. You block the wight's attack. x2
The wight seems less confused.
The wight barely misses you. You block the wight's attack.
The wight hits you but does no damage.
The wight hits you from afar with a +4 halberd of freezing!!
* * * LOW HITPOINT WARNING * * *
The wight freezes you!
You die...

...#########..#..#...##.....#####
....##..##....+..#.........z.....
'#####........#..#........z......
.....#.......###+###########>#..#
.....#.......##..##..###...###..#
....##..##.............#...#....z
##########....zz.......'...#.....
#........##..#########.######
#........##.@## ### #
##........'...# # #.........#...#
# #...##....#..## #
##..##....#..# # #...#....##..# #
#...########## # #...#⌠...#
##..##...#


You could see 2 wights.

Vanquished Creatures
  Grinder (D:6)
  An acid dragon (D:6)
  A water moccasin (D:5)
  An orc warrior (D:8)
  2 sky beasts
  6 kobold brigands (Sewer)
  A gnoll sergeant (D:7)
  A wight (D:8)
  6 scorpions
  9 killer bees
  3 howler monkeys (D:8)
  4 orc priests
  3 hounds
  5 jellies
  2 sleepcaps
  2 iguanas
  2 orc wizards
  Robin (D:3)
  3 gnolls (D:7)
  6 adders
  A shadow imp (D:7)
  A white imp (D:7)
  A worm (D:2)
  3 dart slugs
  24 orcs
  11 endoplasms
  8 giant cockroaches
  17 goblins
  13 hobgoblins
  4 jackals (D:4)
  6 quokkas
  12 ball pythons
  11 bats
  3 frilled lizards
  16 kobolds
  15 rats
206 creatures vanquished.

Notes
Turn   | Place    | Note
-------+----------+-------------------------------------------
     0 | D:1      | Metae the Minotaur Fighter began the quest for the Orb.
     0 | D:1      | Reached XP level 1. HP: 19/19 MP: 0/0
   513 | D:1      | Reached XP level 2. HP: 25/27 MP: 1/1
  1145 | D:2      | Reached XP level 3. HP: 33/33 MP: 2/2
  1508 | D:2      | Identified the +4 dagger of Insufficient Pleasure {vamp,
                  | rPois}
  1651 | D:2      | Found a hide-covered altar of Uskayaw.
  1660 | D:2      | Became a worshipper of Uskayaw the Reveller
  1711 | D:2      | Reached * piety under Uskayaw
  1784 | D:3      | Reached XP level 4. HP: 40/40 MP: 3/3
  1883 | D:3      | Reached ** piety under Uskayaw
  1887 | D:3      | Reached *** piety under Uskayaw
  1892 | D:3      | Reached **** piety under Uskayaw
  1899 | D:3      | Found a transporter.
  1899 | D:3      | Noticed Discosetron's ghost (amateur DjAE)
  2054 | D:3      | Found a transporter.
  2131 | D:3      | Reached skill level 1 in Short Blades
  2132 | D:3      | Reached skill level 1 in Invocations
  2132 | D:3      | Reached XP level 5. HP: 46/47 MP: 0/4
  2293 | D:3      | Noticed Robin
  2309 | D:3      | Killed Robin
  2777 | D:4      | Reached skill level 5 in Fighting
  2785 | D:4      | Reached skill level 5 in Shields
  2829 | D:4      | Reached XP level 6. HP: 54/56 MP: 6/6
  2842 | D:4      | Reached skill level 5 in Armour
  3279 | D:4      | Found a glowing drain.
  3285 | Sewer    | Entered a sewer
  3330 | Sewer    | Reached XP level 7. HP: 61/61 MP: 3/7
  3334 | Sewer    | Reached ***** piety under Uskayaw
  3881 | D:5      | Entered Level 5 of the Dungeon
  3883 | D:5      | Found a broken altar of Ashenzari.
  4106 | D:5      | Reached XP level 8. HP: 68/71 MP: 9/9
  4565 | D:5      | Found a basalt altar of Yredelemnul.
  4718 | D:6      | Found a staircase to the Ecumenical Temple.
  5039 | D:6      | Reached skill level 1 in Evocations
  5094 | D:6      | Noticed Grinder
  5099 | D:6      | Paralysed by Grinder for 5 turns
  5121 | D:6      | Reached skill level 5 in Short Blades
  5133 | D:6      | Killed Grinder
  5134 | D:6      | Reached XP level 9. HP: 57/79 MP: 11/11
  5497 | D:7      | Identified the +0 leather armour "Gutryter" {Dex+2}
  5705 | D:7      | Found a hazy altar of Hepliaklqana.
  6498 | D:8      | Reached skill level 5 in Invocations
  6788 | D:8      | Found a blossoming altar of Fedhas.
  6921 | D:8      | Found a staircase to the Lair.
  7092 | D:8      | Slain by a wight

Illustrated notes

Levels and vault maps discovered:
D:1:      co_arrival_square_in_a_square_in_a_square, layout_loops_corners,
          bh_walls_and_bars
D:2:      layout_basic, basic_altar, minmay_tetromino_o4
D:3:      layout_basic, gammafunk_ghost_arena, uniq_robin
D:4:      layout_loops_cross, gup_sewer_entry_spiral
D:5:      layout_loops_cross, lemuel_round_altar, marbit_many_paths,
          minmay_misc_feat_room, nrook_uturn, minmay_strange_pillars,
          chequers_serial_rivers_small_3
D:6:      layout_rooms, minmay_temple_entry_mini_moons, uniq_grinder
D:7:      lemuel_ice_spiral_2, layout_basic, kennysheep_little_box
D:8:      layout_gridville, mainiacjoe_overflow_alcove_2, lair_entry_dummy,
          minmay_misc_feat_hallway

Skill      XL: |  1  2  3  4  5  6  7  8  9 |
---------------+----------------------------+-----
Armour         | 4 5 6 7 8 |  8.0
Shields        | 4 5 6 7 |  7.0
Fighting       | 4 5 6 7 8 |  8.1
Maces & Flails | 3 |  3.1
Short Blades   | 1 2 3 5 |  5.9
Invocations    | 1 2 3 4 5 |  5.4
Evocations     | 1 2 |  2.7

Action                     |  1- 3 |  4- 6 |  7- 9 || total
---------------------------+-------+-------+-------++-------
  Melee: Flail             |    92 |       |       ||    92
         Headbutt          |    12 |    29 |    58 ||    99
         Dagger            |    16 |   190 |   286 ||   492
  Throw: Stone             |       |       |     2 ||     2
 Invoke: Stomp             |       |     3 |     5 ||     8
         Line Pass         |       |       |     2 ||     2
    Use: Scroll            |       |     3 |     3 ||     6
   Stab: Paralysed         |       |     6 |    10 ||    16
 Armour: Scale mail        |    68 |       |       ||    68
         Chain mail        |     6 |   129 |    92 ||   227
  Dodge: Dodged            |    54 |    84 |   187 ||   325
  Block: Buckler           |    24 |    45 |    90 ||   159
